 Dungeon Crawl Stone Soup version 0.26-a0-1132-ge9770dfcb6 (webtiles) character file.

Game seed: 5358374640189444791

2397 Dracia the Destroyer (level 9, -4/68 HPs)
             Began as a Yellow Draconian Conjurer on Dec 18, 2020.
             Slain by a death yak (22 damage)
             ... on level 7 of the Dungeon on Dec 19, 2020.
             The game lasted 00:14:35 (10315 turns).

Dracia the Destroyer (Yellow Draconian Conjurer)   Turns: 10315, Time: 00:14:35

Health: -4/68      AC: 10    Str: 11    XL:     9   Next: 22%
Magic:  0/18       EV: 12    Int: 20    God:
Gold:   312        SH:  0    Dex: 10    Spells: 6/20 levels left

rFire    . . .     SeeInvis .   k - +1 quarterstaff
rCold    . . .     Faith    .   (shield currently unavailable)
rNeg     . . .     Spirit   +   (armour unavailable)
rPois    .         Reflect  .   (helmet restricted)
rElec    .         Harm     .   d - +1 cloak
rCorr    +         Rampage  .   q - +0 pair of gloves
Will     .....                  (no boots)
Stlth    ++........             G - amulet of guardian spirit
HPRegen  0.21/turn              (no ring)
MPRegen  0.16/turn              (no ring)

@: short of breath, very slightly contaminated
A: spit acid, unfitting armour, talons 1, robust 1, cold-blooded, subdued magic
1, acid resistance, AC +7
a: Breathe Acid


You were on level 7 of the Dungeon.
You visited 2 branches of the dungeon, and saw 9 of its levels.

You collected 408 gold pieces.
You spent 96 gold pieces at shops.


Innate Abilities, Weirdness & Mutations

You can spit globs of acid.
Your golden yellow scales are hard. (AC +7)
You cannot fit into any form of body armour.
You are cold-blooded and may be slowed by cold attacks.
You are resistant to acid. (rCorr)
You have sharp toenails.
You are robust. (+10% HP)
Your spells are a little easier to cast, but a little less powerful.


   Skills:
 + Level 5.4 Staves
 - Level 1.7 Dodging
 - Level 1.7 Stealth
 + Level 6.1 Spellcasting
 * Level 9.9 Conjurations


You had 6 spell levels left.
You knew the following spells:

 Your Spells              Type           Power        Failure   Level
d - Dazzling Flash        Conj/Hex       40%          3%          3
f - Fulminant Prism       Conj/Hex       10%          11%         4
s - Searing Ray           Conj           70%          1%          2
z - Magic Dart            Conj           100%         1%          1
X - Iskenderun's Mystic   Conj/Tloc      20%          11%         4

Your spell library contained the following spells:

 Spells                   Type           Power        Failure   Level
 Corona                   Hex            4%           9%          1
 Ensorcelled Hibernation  Hex/Ice        8%           13%         2
 Confusing Touch          Hex            4%           26%         3
 Tukima's Dance           Hex            4%           26%         3

Inventory:

Hand Weapons
 h - a +0 short sword
 k - a +1 quarterstaff (weapon)
Missiles
 b - 31 poisoned darts
Armour
 d - a +1 cloak (worn)
 q - a +0 pair of gloves (worn)
Jewellery
 l - a -4 ring of strength
 G - an amulet of guardian spirit (around neck)
Wands
 c - a wand of polymorph (7)
 t - a wand of flame (37)
Scrolls
 a - 5 scrolls of identify {@r1@r1}
 e - 6 scrolls of teleportation {@r4@r4}
 m - 8 scrolls of remove curse {@r2@r2}
 o - a scroll of magic mapping {unknown}
 s - a scroll of fear
 v - a scroll of amnesia
 w - a scroll of fog {unknown}
Potions
 g - 3 potions of flight
 i - a potion of brilliance
 j - 6 potions of curing {@q1@q1}
 p - a potion of invisibility {unknown}
 r - a potion of magic {unknown}
 u - a potion of might {unknown}

Dungeon Overview and Level Annotations

Branches:
Dungeon (8/15)             Temple (1/1) D:4            Lair (0/6) D:8

Altars:
Ashenzari
Dithmenos
Elyvilon
Fedhas
Gozag
Hepliaklqana
Kikubaaqudgha
Makhleb
Nemelex Xobeh
Okawaru
Qazlal
Ru
Trog
Uskayaw
Wu Jian
Xom
Yredelemnul
Zin
The Shining One

Shops:
D:4 !

Annotations:
D:2 Sigmund
D:7 2 transporters

#.#####.###...#...#......<....[..
..# ##.############[............
#.# #........# ##.....#.....# #.#
#........# ##...####.### #.#
#........##########......##. #.#
#...........#...#######..#..
#.####................## #.....
#................Y.....# ####....
...###..........@†>....###...(...
#.##########...........##..#..#..
.....###..................#...#..
.........#####...#...##..........
................######...####....
.....######........###...#.{#....
.....####...######..##._.#.{#.#..
#####.....#########......#..#.##.
#####.#####..............####.###


You could see a death yak.


Message History

The death yak is splashed with acid!
The death yak is lightly wounded.
The acid splashes onto the quokka!
The quokka is splashed with acid.
The acid corrodes the quokka!
You kill the quokka!
The death yak gores you!!
* * * LOW HITPOINT WARNING * * *
You hit the death yak.
You tail-slap the death yak, but do no damage.
The death yak is moderately wounded.
The death yak closely misses you.
You hit the death yak but do no damage.
You claw the death yak, but do no damage.
You tail-slap the death yak.
The death yak is moderately wounded.
The death yak barely misses you.
You hit the death yak but do no damage.
You tail-slap the death yak, but do no damage.
The death yak is moderately wounded.
The death yak gores you!!
* * * LOW HITPOINT WARNING * * *
You hit the death yak. Your kick misses the death yak.
The death yak is moderately wounded.
The death yak barely misses you.
Casting: Searing Ray (safe; 1% risk of failure)
Confirm with . or Enter, or press ? or * to list all spells.
You miscast Iskenderun's Mystic Blast.
You are very lightly contaminated with residual magic.
Nothing appears to happen.
The death yak gores you!!
You die...

Skill      XL: |  1  2  3  4  5  6  7  8  9 |
---------------+----------------------------+-----
Spellcasting   | 3 4 5 6 |  6.1
Conjurations   | 5 6 7 8 9 |  9.9
Staves         | 1 2 3 5 |  5.4
Dodging        | |  1.7
Stealth        | |  1.7

Action                   |  1- 3 |  4- 6 |  7- 9 || total
-------------------------+-------+-------+-------++-------
Melee: Unarmed           |    35 |       |       ||    35
       Tailslap          |     4 |    14 |    29 ||    47
       Short sword       |    25 |    13 |       ||    38
       Quarterstaff      |       |   123 |   359 ||   482
       Kick              |       |       |    58 ||    58
 Cast: Magic Dart        |    39 |    33 |    11 ||    83
       Searing Ray       |     2 |     3 |     6 ||    11
       Dazzling Flash    |       |       |     3 ||     3
 Abil: Breathe Acid      |       |       |     4 ||     4
  Use: Potion            |     1 |       |     8 ||     9
       Scroll            |       |     2 |     5 ||     7
 Stab: Sleeping          |       |     1 |     1 ||     2
       Invisible         |       |       |     1 ||     1
Armor: Skin              |    25 |    51 |   152 ||   228
Dodge: Dodged            |    47 |   100 |   263 ||   410

Levels and vault maps discovered:
D:1:      wander_arrival_abandoned_jail, layout_basic,
          nemelex_diamond_rough_becter
D:2:      layout_loops_ring, uniq_sigmund
D:3:      layout_basic, uniq_terence, uniq_grinder, uniq_jessica
D:4:      minmay_bubble_buster, layout_loops_ring, marbit_many_paths,
          lemuel_round_altar, amethyst_overflow_temple_binary,
          minmay_temple_entry_mist, serial_shops,
          nicolae_shop_competitors_out_of_business
D:5:      layout_gridville, uniq_blork_the_orc
D:6:      layout_cave_pools, grunt_temple_overflow_open,
          nicolae_ru_great_annihilating_truth, minmay_misc_feat_plants
D:7:      gammafunk_the_bubble [the_bubble_gammafunk_crates], layout_rooms,
          kennysheep_mini, dancing_weapons_uskayaw
D:8:      layout_rooms, cheibriados_altar_1, general_overflow_altar,
          lemuel_coloured_pillars_altar, dpeg_lair_monsters
Temple:   dpeg_three_leaves_temple

Notes
Turn   | Place    | Note
-------+----------+-------------------------------------------
     0 | D:1      | Dracia the Draconian Conjurer began the quest for the Orb.
     0 | D:1      | Reached XP level 1. HP: 14/14 MP: 3/3
   225 | D:1      | Reached XP level 2. HP: 20/20 MP: 0/5
   726 | D:1      | Found a sparkling altar of Nemelex Xobeh.
   832 | D:1      | Upgraded the game from 0.26-a0-1129-gc5df7fbe6a to
                  | 0.26-a0-1132-ge9770dfcb6
  1208 | D:1      | Learned a level 2 spell: Searing Ray
  1430 | D:2      | Noticed a phantom
  1502 | D:2      | Reached XP level 3. HP: 22/26 MP: 3/6
  1603 | D:2      | Killed a phantom
  1604 | D:2      | Reached skill level 3 in Spellcasting
  1604 | D:2      | Reached skill level 5 in Conjurations
  1604 | D:2      | Reached XP level 4. HP: 32/33 MP: 2/8
  1679 | D:2      | Learned a level 3 spell: Dazzling Flash
  2050 | D:2      | Noticed Sigmund
  2147 | D:2      | You fall into a shaft and drop 2 floors!
  2158 | D:4      | Reached XP level 5. HP: 24/38 MP: 1/9
  2286 | D:4      | Found a staircase to the Ecumenical Temple.
  2329 | Temple   | Entered the Ecumenical Temple
  2486 | D:4      | Noticed a phantom
  2504 | D:4      | Killed a phantom
  2505 | D:4      | Reached skill level 1 in Staves
  2505 | D:4      | Reached skill level 6 in Conjurations
  2704 | D:4      | Found Rapeo's Distillery.
  2760 | D:4      | Reached XP level 6. HP: 19/45 MP: 7/11
  3278 | D:4      | Reached skill level 2 in Staves
  3505 | D:4      | Bought a potion of heal wounds for 60 gold pieces
  3505 | D:4      | Bought a potion of curing for 36 gold pieces
  3522 | D:4      | Found a basalt altar of Yredelemnul.
  3595 | D:4      | Found a hazy altar of Hepliaklqana.
  3602 | D:4      | Found an ornate altar of the Wu Jian Council.
  3652 | D:4      | Found an opulent altar of Gozag.
  4060 | D:3      | Reached skill level 4 in Spellcasting
  4525 | D:3      | Noticed Terence
  4662 | D:2      | Reached skill level 7 in Conjurations
  4662 | D:2      | Your scales start taking on a golden yellow colour.
  4662 | D:2      | Reached XP level 7. HP: 20/50 MP: 13/13
  4662 | D:2      | Gained mutation: You are resistant to acid. (rCorr) [Yellow
                  | Draconian growth]
  4853 | D:2      | Learned a level 4 spell: Fulminant Prism
  4858 | D:2      | Learned a level 4 spell: Iskenderun's Mystic Blast
  4952 | D:2      | HP: 5/50 [Terence/+0 morningstar (2)]
  4953 | D:2      | Killed Terence
  5527 | D:3      | HP: 4/50 [orc priest/+0 flail (10)]
  5761 | D:2      | Gained mutation: You have sharp toenails. [potion of
                  | mutation]
  5761 | D:2      | Gained mutation: Your spells are a little easier to cast,
                  | but a little less powerful. [potion of mutation]
  5761 | D:2      | Gained mutation: You are robust. (+10% HP) [potion of
                  | mutation]
  5859 | D:3      | Noticed Jessica
  5870 | D:3      | Killed Jessica
  5990 | D:3      | Reached skill level 3 in Staves
  6229 | D:3      | Noticed Grinder
  6237 | D:3      | Paralysed by Grinder for 7 turns
  6252 | D:3      | Killed Grinder
  6679 | D:5      | Entered Level 5 of the Dungeon
  6759 | D:4      | Reached skill level 8 in Conjurations
  6759 | D:4      | Reached XP level 8. HP: 34/62 MP: 8/15
  7134 | D:5      | Reached skill level 4 in Staves
  7134 | D:5      | Reached skill level 5 in Spellcasting
  7408 | D:5      | Noticed Blork the orc
  7425 | D:5      | Killed Blork the orc
  8300 | D:6      | Reached skill level 9 in Conjurations
  8973 | D:6      | Reached skill level 5 in Staves
  9050 | D:6      | Found a bloodstained altar of Trog.
  9053 | D:6      | Found a shadowy altar of Dithmenos.
  9136 | D:6      | Reached XP level 9. HP: 67/68 MP: 17/17
  9219 | D:6      | Found a sacrificial altar of Ru.
  9409 | D:7      | Found a transporter.
  9410 | D:7      | Noticed an ogre mage
  9428 | D:7      | Noticed a deep elf mage
  9472 | D:7      | Found a hide-covered altar of Uskayaw.
  9475 | D:7      | Noticed a +0 dagger
  9475 | D:7      | Noticed a +0 dagger
  9885 | D:7      | Reached skill level 6 in Spellcasting
 10151 | D:7      | Found a blossoming altar of Fedhas.
 10200 | D:7      | Found a transporter.
 10208 | D:7      | Noticed a manticore
 10294 | D:8      | Noticed a death yak
 10295 | D:8      | Found a staircase to the Lair.
 10295 | D:8      | Noticed a death yak
 10315 | D:7      | Slain by a death yak

Vanquished Creatures
  Grinder (D:3)
  3 ice beasts
  A sky beast (D:6)
  3 phantoms
  3 ogres
  Blork the orc (D:5)
  A big kobold (D:7)
  2 bullfrogs
  2 scorpions
  A jelly (D:5)
  6 orc priests
  2 hounds
  3 orc wizards
  Jessica (D:3)
  Terence (D:2)
  5 iguanas
  A hell rat (D:8)
  5 worker ants
  2 hound skeletons (D:5)
  10 adders
  3 shadow imps
  A white imp (D:5)
  An ufetubus (D:5)
  An ooze (D:4)
  2 adder skeletons
  5 worms
  2 dart slugs (D:3)
  3 leopard geckos
  14 orcs
  8 giant cockroaches
  4 goblins
  8 hobgoblins
  12 jackals
  14 kobolds
  5 quokkas
  A ball python (D:5)
  10 bats
  3 frilled lizards
  A jackal skeleton (D:4)
  2 leopard gecko skeletons
  A leopard gecko zombie (D:5)
  A quokka skeleton (D:4)
  6 rats
162 creatures vanquished.

Table legend: (Time is in decaauts)
 A = Elapsed time spent in this place.
 B = Non-inter-level travel time spent in this place.
 C = Inter-level travel time spent in this place.
 D = Time resting spent in this place.
 E = Time spent auto-exploring this place.
 F = Levels seen in this place.
 G = Mean time per level.
                   A        B        C        D        E       F      G
               +--------+--------+--------+--------+--------+-----+--------+
         Total |  10418 |  10112 |    306 |   2737 |   5900 |   9 | 1157.6 |
       Dungeon |  10327 |  10037 |    290 |   2737 |   5826 |   8 | 1290.9 |
        Temple |     90 |     74 |     16 |      0 |     74 |   1 |   90.0 |
               +--------+--------+--------+--------+--------+-----+--------+

Top non-repeatable levels by time:
     D:2: 2084 daAuts
     D:4: 1879 daAuts
     D:5: 1495 daAuts
     D:1: 1483 daAuts
     D:3: 1329 daAuts
     D:6: 1113 daAuts
     D:7: 929 daAuts
  Temple: 90 daAuts
     D:8: 13 daAuts

Table legend:
 A = Non-vault XP
 B = Vault XP
 C = Vault XP percentage of total XP
 D = Non-vault monster count
 E = Vault monster count
 F = Vault count percentage of total count
                 A         B        C        D         E       F
            +---------+---------+-------+---------+---------+-------
      Total |    2786 |     639 |  18.7 |     143 |      19 |  11.7
            +---------+---------+-------+---------+---------+-------
        D:1 |      39 |       0 |   0.0 |      24 |       0 |   0.0
        D:2 |     298 |      36 |  10.8 |      25 |       1 |   3.8
        D:3 |     194 |     314 |  61.8 |      25 |       2 |   7.4
        D:4 |     458 |     113 |  19.8 |      14 |       9 |  39.1
        D:5 |     656 |      99 |  13.1 |      28 |       1 |   3.4
        D:6 |     616 |      41 |   6.2 |      14 |       4 |  22.2
        D:7 |     525 |       2 |   0.4 |      13 |       1 |   7.1
        D:8 |       0 |      34 | 100.0 |       0 |       1 | 100.0
            +---------+---------+-------+---------+---------+-------
